 Dungeon Crawl Stone Soup version 0.26.1-11-gd32895ea62 (webtiles) character file.

Game seed: 15266564210018772360

273 nothank2 the Cutter (level 6, -1/46 HPs)
             Began as a Demonspawn Gladiator on June 16, 2021.
             Succumbed to Edmund's poison
             ... on level 4 of the Dungeon.
             The game lasted 00:06:49 (3507 turns).

nothank2 the Cutter (Demonspawn Gladiator)          Turns: 3507, Time: 00:06:49

Health: -1/46      AC:  4    Str: 16    XL:     6   Next: 2%
Magic:  6/6        EV: 11    Int:  9    God:
Gold:   194        SH:  8    Dex: 15    Spells: 5/5 levels left

rFire    . . .     SeeInvis .   q - +2 falchion (vamp)
rCold    . . .     Faith    .   e - +0 kite shield
rNeg     . . .     Spirit   .   b - +0 leather armour
rPois    .         Reflect  .   (helmet restricted)
rElec    .         Harm     .   (no cloak)
rCorr    .         Rampage  .   (no gloves)
Will     .....                  n - +0 pair of boots
Stlth    +.........             (no amulet)
HPRegen  0.15/turn              (no ring)
MPRegen  0.10/turn              (no ring)

@: lethally poisoned (-1 -> -28)
A: horns 1, spiny 1, miasma immunity
a: no special abilities


You were on level 4 of the Dungeon.
You visited 1 branch of the dungeon, and saw 4 of its levels.

You collected 194 gold pieces.

Inventory:

Hand Weapons
 a - a +0 rapier
 q - a +2 vampiric falchion (weapon)
Missiles
 d - 3 throwing nets (quivered)
Armour
 b - a +0 leather armour (worn)
 c - a +0 helmet
 e - a +0 kite shield (worn)
 n - a +0 pair of boots (worn)
Scrolls
 f - a scroll of blinking {unknown}
 g - a scroll of immolation {unknown}
 k - a scroll of identify
 l - 2 scrolls of amnesia {unknown}
 m - 2 scrolls of teleportation {unknown}
 o - 3 scrolls of remove curse {unknown}
Potions
 h - 3 potions of curing
 i - a potion of magic {unknown}
 j - 3 potions of might {unknown}
 p - 2 potions of degeneration {unknown}


   Skills:
 + Level 2.7 Fighting
 * Level 4.3 Short Blades
 - Level 1.7 Throwing
 + Level 1.7 Armour
 * Level 3.8 Dodging
 + Level 1.6 Shields
 * Level 0.1 Unarmed Combat


You had 5 spell levels left.
You didn't know any spells.
Your spell library was empty.

Dungeon Overview and Level Annotations

Branches:
Dungeon (4/15)
 Temple: D:4-7

Altars:
Ashenzari
Nemelex Xobeh
Ru

Annotations:
D:4 Edmund


Innate Abilities, Weirdness & Mutations

You have a pair of small horns on your head.
You are partially covered in sharp spines.
You are immune to miasma.


Message History

You are more poisoned.
The hound barks!
You hit Edmund but do no damage. Your headbutt misses Edmund.
Edmund is moderately wounded.
* * * LOW HITPOINT WARNING * * *
You feel sick.
Edmund hits you with a +3 dire flail of venom.
* * * LOW HITPOINT WARNING * * *
You are more poisoned.
* * * LOW HITPOINT WARNING * * *
You feel very sick.
* * * LOW HITPOINT WARNING * * *
You feel very sick.
* * * LOW HITPOINT WARNING * * *
You feel very sick. You block Edmund's attack.
* * * LOW HITPOINT WARNING * * *
You feel sick.
There is an escape hatch in the floor here.
You die...

.................#
.......##)####..##
.......#...####..#
...................
..........⌠.⌠.......
..........._..##.##.
......#@.#⌠.⌠..#
......#h.##......
...##..@......#..
..............##.
..............#
...#........... ..
##.##....... . ##
##.#..# ...## ...#


You could see Edmund and a hound.

Vanquished Creatures
  A bullfrog skeleton (D:4)
  A worker ant (D:4)
  2 river rats (D:3)
  10 adders
  A gnoll (D:1)
  A shadow imp (D:3)
  3 dart slugs
  4 leopard geckos
  3 orcs
  2 ball pythons
  9 bats
  5 giant cockroaches
  12 goblins
  7 hobgoblins
  6 jackals
  6 kobolds
  3 frilled lizards
  7 rats
83 creatures vanquished.

Vanquished Creatures (others)
  4 toadstools (D:2)
4 creatures vanquished.

Grand Total: 87 creatures vanquished

Notes
Turn   | Place    | Note
-------+----------+-------------------------------------------
     0 | D:1      | nothank2 the Demonspawn Gladiator began the quest for the
                  | Orb.
     0 | D:1      | Reached XP level 1. HP: 16/16 MP: 1/1
    55 | D:1      | Gained mutation: You are immune to miasma. [demonic
                  | ancestry]
    55 | D:1      | Reached XP level 2. HP: 9/22 MP: 2/2
   301 | D:1      | Reached skill level 3 in Short Blades
   702 | D:1      | Gained mutation: You are partially covered in sharp spines.
                  | [demonic ancestry]
   702 | D:1      | Reached XP level 3. HP: 27/27 MP: 3/3
  1612 | D:2      | Reached XP level 4. HP: 26/33 MP: 4/4
  2076 | D:2      | Found a sacrificial altar of Ru.
  2229 | D:3      | Reached skill level 1 in Armour
  2230 | D:3      | Reached skill level 1 in Shields
  2301 | D:3      | Found a broken altar of Ashenzari.
  2421 | D:3      | Reached XP level 5. HP: 39/39 MP: 5/5
  2641 | D:3      | Reached skill level 4 in Short Blades
  3381 | D:4      | Found a sparkling altar of Nemelex Xobeh.
  3478 | D:4      | Noticed Edmund
  3497 | D:4      | Gained mutation: You have a pair of small horns on your
                  | head. [demonic ancestry]
  3497 | D:4      | Reached XP level 6. HP: 35/46 MP: 6/6
  3506 | D:4      | HP: 1/46 [poisoned by Edmund]
  3507 | D:4      | Succumbed to Edmund's poison

Illustrated notes

Levels and vault maps discovered:
D:1:      wander_arrival_chamber, layout_basic
D:2:      layout_loops_cross, st_stairs_9, minmay_gold_behind_fungi,
          nicolae_ru_sacrificial_ziggurat
D:3:      layout_basic, ashenzari_altar_1, gup_sewer_entry_spiral
D:4:      layout_cave_pools, nemelex_xobeh_ov_fountains_minmay,
          hellmonk_ghost_happy_afterlife, supply_closet_lemuel,
          grunt_ministairs_13, uniq_edmund

Skill      XL: |  1  2  3  4  5 |
---------------+----------------+-----
Dodging        | 3 |  3.8
Short Blades   | 3 4 |  4.3
Armour         | 1 |  1.7
Shields        | 1 |  1.6
Fighting       | |  2.7
Throwing       | |  1.7
Unarmed Combat | |  0.1

Action                   |  1- 3 |  4- 6 || total
-------------------------+-------+-------++-------
Melee: Rapier            |    99 |   118 ||   217
       Falchion          |       |    10 ||    10
       Headbutt          |       |     2 ||     2
  Use: Scroll            |       |     1 ||     1
 Stab: Sleeping          |       |     2 ||     2
Armor: Leather armour    |    29 |    30 ||    59
Dodge: Dodged            |    46 |    43 ||    89
Block: Kite shield       |    51 |    60 ||   111
       Rpst.: Falchion   |       |     3 ||     3
